 Dungeon Crawl Stone Soup version 0.28-a0-1506-g3893175d92 (webtiles) character file.

Game seed: 12400624028542717279

0 cheechan the Slasher (level 1, -3/21 HPs)
             Began as a Naga Chaos Knight on Jan 13, 2022.
             Was a Plaything of Xom.
             Slain by an unseen horror (shapeshifter) (7 damage)
             ... on level 1 of the Dungeon.
             The game lasted 00:00:12 (49 turns).

cheechan the Slasher (Naga Chaos Knight)              Turns: 49, Time: 00:00:12

Health: -3/21      AC:  4    Str: 14    XL:     1   Next: 10%
Magic:  1/1        EV:  9    Int: 12    God:    Xom [..*...]
Gold:   16         SH:  0    Dex: 10    Spells: 0/0 levels left

rFire   . . .      SeeInvis +   a - +0 falchion (chaos)
rCold   . . .      Faith    .   (no shield)
rNeg    . . .      Spirit   .   b - +2 leather armour
rPois   +          Reflect  .   (no helmet)
rElec   .          Harm     .   (no cloak)
rCorr   .          Rampage  .   (no gloves)
Will    .....                   (no barding)
Stlth   +.........              (no amulet)
HPRegen 0.07/turn               (no ring)
MPRegen 0.07/turn               (no ring)

@: short of breath, very slow
A: AC +0, large, see invisible, deformed body, poison resistance, slowness 2,
spit poison 1, naga tail 1
a: Spit Poison, Renounce Religion


You were on level 1 of the Dungeon.
You worshipped Xom.
You were a toy of Xom.
You visited 1 branch of the dungeon, and saw 1 of its levels.

You collected 16 gold pieces.

Inventory:

Hand Weapons
 a - a +0 falchion of chaos (weapon)
Missiles
 e - 17 arrows
Armour
 b - a +2 leather armour (worn)
Potions
 c - a potion of curing {unknown}
 d - a potion of magic {unknown}


   Skills:
 + Level 3.0 Fighting
 + Level 3.0 Long Blades
 + Level 1.5 Armour
 + Level 0.7 Dodging


You couldn't memorise any spells.
You didn't know any spells.
Your spell library was empty.

Dungeon Overview and Level Annotations

Branches:
Dungeon (1/15)

Altars:


Innate Abilities, Weirdness & Mutations

Your serpentine skin is tough. (AC +0)
You have supernaturally acute eyesight. (SInv)
Armour fits poorly on your strangely shaped body.
Your system is resistant to poisons. (rPois)
You cover ground very slowly.
You can spit poison.
You have a snake-like lower body.


Message History

Unknown command.
Aiming: Spit Poison (3% risk of failure)
Press: ? - help, Q - select action Shift-Dir - straight line, f - kobold
Aim: a kobold, wielding a +0 short sword and quivering stones (43% to hit)
The splash of poison misses the kobold.
Unknown command.
The kobold throws a stone.
The stone hits you. The kobold barely misses you.
You hit the kobold. You freeze the kobold.
You kill the kobold!
You have got your breath back.
The hobgoblin barely misses you. The hobgoblin hits you. x2
Things that are here:
a +0 short sword; 3 stones; a kobold corpse The hobgoblin hits you but does no damage.
The hobgoblin hits you but does no damage. x2
Things that are here:
a +0 short sword; 3 stones; a kobold corpse You barely miss the hobgoblin.
The hobgoblin hits you but does no damage.
You hit the hobgoblin but do no damage. The hobgoblin hits you.
You hit the hobgoblin.
The hobgoblin changes into a shapeshifter!
Xom thinks this is hilarious!
The shapeshifter is lightly wounded.
The shapeshifter changes into an unseen horror!
You closely miss the unseen horror.
The unseen horror is lightly wounded.
The unseen horror hits you but does no damage.
The unseen horror hits you!
* * * LOW HITPOINT WARNING * * *
Aiming: Spit Poison (3% risk of failure)
Press: ? - help, Q - select action Shift-Dir - straight line, f - unseen horror
Aim: an unseen horror shaped shifter (lightly wounded, slightly transparent, 53% to hit)
The splash of poison hits the unseen horror.
The unseen horror is lightly wounded.
The unseen horror hits you!
You die...
Xom howls with laughter!

#. #. # #. .#... #. #.
.#.# #.###. ...# )..#.##
#...##. ###
#....##....>....
....?#.#.....$........
#.......).............
.......#@.............
.......x.#...........####
........##.#.............
........##.####.## #.....
............###.####.....
.........................
.......#....###..........
...........# #..........
..###..... #.........#


You could see an unseen horror shaped shifter (invisible).

Vanquished Creatures
  A kobold (D:1)
1 creature vanquished.

Notes
Turn   | Place    | Note
-------+----------+-------------------------------------------
     0 | D:1      | cheechan the Naga Chaos Knight began the quest for the Orb.
     0 | D:1      | Reached XP level 1. HP: 21/21 MP: 1/1
    46 | D:1      | Noticed a shapeshifter
    46 | D:1      | a hobgoblin changed into a shapeshifter
    46 | D:1      | Noticed an unseen horror
    46 | D:1      | a shapeshifter changed into an unseen horror
    49 | D:1      | Slain by an unseen horror (shapeshifter)

Illustrated notes

Levels and vault maps discovered:
D:1:      wander_arrival_peaceful_grave, layout_rooms, minmay_pentomino_p2

Action                   || total
-------------------------++-------
Melee: Falchion          ||     5
 Abil: Spit Poison       ||     2
Armor: Leather armour    ||     5
Dodge: Dodged            ||     2

Table legend: (Time is in decaauts)
 A = Elapsed time spent in this place.
 B = Non-inter-level travel time spent in this place.
 C = Inter-level travel time spent in this place.
 D = Time resting spent in this place.
 E = Time spent auto-exploring this place.
 F = Levels seen in this place.
 G = Mean time per level.
                   A        B        C        D        E       F      G
               +--------+--------+--------+--------+--------+-----+--------+
         Total |     65 |     65 |      0 |      0 |      0 |   1 |   65.0 |
       Dungeon |     65 |     65 |      0 |      0 |      0 |   1 |   65.0 |
               +--------+--------+--------+--------+--------+-----+--------+

Top non-repeatable levels by time:
     D:1: 65 daAuts
